 Dungeon Crawl Stone Soup version 0.29.1-15-g9cfb28693d (webtiles) character file.

Game seed: 547924232239818896

21 Lolow the Caller (level 3, -9/24 HPs)
             Began as a Human Summoner on May 16, 2023.
             Mangled by Crazy Yiuf
             ... wielding a +3 quarterstaff of chaos
              (10 damage)
             ... on level 2 of the Dungeon.
             The game lasted 00:05:28 (1288 turns).

Lolow the Caller (Human Summoner)                   Turns: 1288, Time: 00:05:28

Health: -9/24      AC:  2    Str: 10    XL:     3   Next: 2%
Magic:  2/6        EV: 12    Int: 15    God:
Gold:   51         SH:  0    Dex: 13    Spells: 3/6 levels left

rFire   . . .      SeeInvis .   h - +0 short sword
rCold   . . .      Faith    .   (no shield)
rNeg    . . .      Spirit   .   a - +0 robe
rPois   .          Reflect  .   (no helmet)
rElec   .          Harm     .   (no cloak)
rCorr   .          Rampage  .   (no gloves)
Will    .....                   (no boots)
Stlth   ++........              (no amulet)
HPRegen 0.08/turn               (no ring)
MPRegen 0.10/turn               (no ring)

@: no status effects
A: no striking features
a: no special abilities


You were on level 2 of the Dungeon.
You visited 1 branch of the dungeon, and saw 2 of its levels.

You collected 51 gold pieces.

Inventory:

Hand Weapons
 c - a +0 club
 f - a +0 dagger
 h - a +0 short sword (weapon)
 k - a +1 dagger of venom
 l - a +0 spear
 m - a +0 spear
Missiles
 g - 13 stones
Armour
 a - a +0 robe (worn)
Scrolls
 d - a scroll of teleportation {unknown}
 i - 2 scrolls of identify {unknown}
Potions
 b - a potion of magic
 e - 2 potions of attraction {unknown}
 j - a potion of heal wounds


   Skills:
 + Level 0.3 Maces & Flails
 + Level 2.1 Dodging
 + Level 2.2 Stealth
 + Level 2.2 Spellcasting
 + Level 4.3 Summonings


You had 3 spell levels left.
You knew the following spells:

 Your Spells              Type           Power      Damage    Failure   Level
a - Summon Small Mammal   Summ           56%        N/A       3%          1
b - Call Imp              Summ           14%        N/A       5%          2

Your spell library contained the following spells:

 Spells                   Type           Power      Damage    Failure   Level
 Call Canine Familiar     Summ           14%        N/A       11%         3
 Summon Guardian Golem    Hex/Summ       8%         N/A       26%         3
 Blink                    Tloc           2%         N/A       32%         2
 Lesser Beckoning         Tloc           1%         N/A       54%         3
 Summon Lightning Spire   Summ/Air       8%         N/A       65%         4
 Manifold Assault         Tloc           1%         N/A       99%         5


Dungeon Overview and Level Annotations

Branches:
Dungeon (2/15)

Altars:

Annotations:
D:2 1 runed translucent door, Crazy Yiuf


Message History

Your crimson imp completely misses the goblin.
The goblin hits you with a +0 club.
You hit the goblin.
The goblin is severely wounded.
Your crimson imp misses the goblin.
The goblin hits you but does no damage.
You completely miss the goblin. You punch the goblin.
You kill the goblin!
You have reached level 3!
Your experience leads to an increase in your attributes!
Increase (S)trength, (I)ntelligence, or (D)exterity?
You feel stronger. x2
Things that are here:
a +0 club; a goblin corpse You see here a +0 spear.
l - a +0 spear You see here a +0 spear.
m - a +0 spear Your crimson imp disappears in a puff of smoke!
There is an open door here.
Done exploring.
There is an open door here.
There is an escape hatch in the floor here.
You can't go up here!
You slide downwards.
The hatch slams shut behind you.
Found a hammer.
Found a runed translucent door.
Casting: Call Imp (safe; 5% risk of failure)
Confirm with . or Enter, or press ? or * to list all spells.
A beastly little devil appears in a puff of frigid air.
Crazy Yiuf shouts!
Crazy Yiuf hits you with a +3 quarterstaff of chaos!
Crazy Yiuf freezes you.
Casting: Call Imp (safe; 5% risk of failure)
Confirm with . or Enter, or press ? or * to list all spells.
A beastly little devil appears in a puff of frigid air.
Your white imp disappears in a puff of smoke!
Crazy Yiuf hits you with a +3 quarterstaff of chaos!
Ouch! That really hurt!
* * * LOW HITPOINT WARNING * * *
You are electrocuted!
You die...

#####
#5g.#
#.@ยง#
#...#
##+##
#.#
##. .
#


You could see Crazy Yiuf (ally target) and a friendly white imp (summoned).

Vanquished Creatures
  An endoplasm (D:1)
  A goblin (D:1)
  A hobgoblin (D:1)
  2 kobolds (D:1)
  A quokka (D:1)
  A rat (D:1)
7 creatures vanquished.

Vanquished Creatures (collateral kills)
  A goblin (D:1)
  2 hobgoblins (D:1)
  A quokka (D:1)
  2 bats (D:1)
  A frilled lizard (D:1)
  4 kobolds (D:1)
  A rat (D:1)
12 creatures vanquished.

Grand Total: 19 creatures vanquished

Notes
Turn   | Place    | Note
-------+----------+-------------------------------------------
     0 | D:1      | Lolow the Human Summoner began the quest for the Orb.
     0 | D:1      | Reached XP level 1. HP: 13/13 MP: 3/3
   149 | D:1      | Reached XP level 2. HP: 17/19 MP: 1/5
   691 | D:1      | Learned a level 2 spell: Call Imp
  1118 | D:1      | Reached XP level 3. HP: 22/24 MP: 3/6
  1286 | D:2      | Noticed Crazy Yiuf
  1286 | D:2      | Found a runed translucent door.
  1288 | D:2      | HP: 1/24 [Crazy Yiuf/+3 quarterstaff of chaos (13)]
  1288 | D:2      | Mangled by Crazy Yiuf

Illustrated notes

Levels and vault maps discovered:
D:1:      erik_arrival_cave_to_civilisation [erik_arrival_cave_to_hall],
          layout_basic
D:2:      layout_loops_ring, serial_shops, shop_fountains,
          uniq_crazy_yiuf_cottage

Action                   || total
-------------------------++-------
Melee: Club              ||    14
       Short sword       ||    15
       Dagger            ||    14
       Punch             ||     1
 Cast: Summon Small Mamm ||    18
       Call Imp          ||     6
  Use: Potion            ||     1
 Stab: Sleeping          ||     1
Armor: Robe              ||    17
Dodge: Dodged            ||    39
